 Dungeon Crawl Stone Soup version 0.31-a0-4-gefa6de2278 (webtiles) character file.

Game seed: 6401581219579182314

1285 retardedninja the Firebug (level 8, -5/58 HPs)
             Began as a Gnoll Fire Elementalist on May 4, 2023.
             Slain by a death yak (27 damage)
             ... on level 9 of the Dungeon.
             The game lasted 00:07:48 (7337 turns).

retardedninja the Firebug (Gnoll Fire Elementalist) Turns: 7337, Time: 00:07:49

Health: -5/58      AC:  2    Str:  7    XL:     8   Next: 55%
Magic:  16/17      EV: 14    Int: 18    God:
Gold:   327        SH:  0    Dex: 12    Spells: 9/19 levels left

rFire   . . .        v - +0 glaive
rCold   . . .        (shield currently unavailable)
rNeg    . . .        a - +0 robe
rPois   .            (no helmet)
rElec   .            (no cloak)
rCorr   .            (no gloves)
SInv    .            (no boots)
Will    .....        (no amulet)
Stlth   +++          (no ring)
HPRegen 0.29/turn    (no ring)
MPRegen 0.15/turn

%: no passive effects
@: no status effects
A: fangs 1, strong nose, distributed training
a: no special abilities


You were on level 9 of the Dungeon.
You visited 1 branch of the dungeon, and saw 7 of its levels.

You collected 327 gold pieces.

Inventory:

Hand Weapons
 v - a +0 glaive (weapon)
Armour
 a - a +0 robe (worn)
Wands
 j - a wand of flame (16)
 y - a wand of roots (2)
 z - a wand of acid (1)
Scrolls
 d - a scroll of amnesia {unknown}
 f - 3 scrolls of identify {unknown}
 g - a scroll of poison {unknown}
 h - a scroll of silence {unknown}
 i - 2 scrolls of fog {unknown}
 k - 3 scrolls of blinking {unknown}
 p - 2 scrolls of teleportation {unknown}
 s - 3 scrolls of enchant armour {unknown}
Potions
 b - a potion of magic
 c - a potion of brilliance {unknown}
 l - a potion of haste {unknown}
 m - a potion of ambrosia {unknown}
 n - a potion of attraction {unknown}
 o - a potion of flight {unknown}
 q - a potion of degeneration {unknown}
 r - 2 potions of might {unknown}
 t - a potion of mutation {unknown}
 u - a potion of berserk rage {unknown}
 w - a potion of curing
 x - a potion of lignification {unknown}


   Skills:
 + Level 3.5 Fighting
 + Level 3.5 Short Blades
 + Level 3.5 Long Blades
 + Level 3.5 Axes
 + Level 3.5 Maces & Flails
 + Level 3.5 Polearms
 + Level 3.5 Staves
 + Level 3.5 Ranged Weapons
 + Level 3.5 Throwing
 + Level 3.5 Armour
 + Level 5.8 Dodging
 + Level 5.5 Stealth
 + Level 3.5 Shields
 + Level 3.5 Unarmed Combat
 + Level 6.2 Spellcasting
 + Level 3.6 Conjurations
 + Level 2.9 Hexes
 + Level 2.9 Summonings
 + Level 2.9 Necromancy
 + Level 2.9 Translocations
 + Level 2.9 Transmutations
 + Level 6.2 Fire Magic
 + Level 2.9 Ice Magic
 + Level 2.9 Air Magic
 + Level 2.9 Earth Magic
 + Level 2.9 Poison Magic
 + Level 3.9 Invocations
 + Level 3.5 Evocations


You had 9 spell levels left.
You knew the following spells:

 Your Spells              Type           Power      Damage    Failure   Level
a - Foxfire               Conj/Fire      92%        2x1d8     1%          1
b - Scorch                Fire           56%        2d7       1%          2
c - Flame Wave            Conj/Fire      23%        2d8       16%         4
d - Inner Flame           Hex/Fire       22%        N/A       5%          3

Your spell library contained the following spells:

 Spells                   Type           Power      Damage    Failure   Level
 Kiss of Death            Conj/Necr      68%        2d10      3%          1
 Ensorcelled Hibernation  Hex/Ice        32%        N/A       5%          2
 Passwall                 Tmut/Erth      13%        N/A       5%          2
 Volatile Blastmotes      Fire/Tloc      44%        2d13      5%          3
 Confusing Touch          Hex            16%        N/A       11%         3
 Swiftness                Air            16%        N/A       11%         3
 Dispel Undead            Necr           16%        3d10      34%         4


Dungeon Overview and Level Annotations

Branches:
Dungeon (9/15)
 Temple: D:4-7         Lair: D:8-11         Orc: D:9-12

Altars:
Uskayaw

Shops:
D:2 [


Innate Abilities, Weirdness & Mutations

You have very sharp teeth.
Your uncanny sense of smell can sniff out nearby items.
Your experience applies equally to all skills.


Message History

Casting: Scorch (safe; 1% risk of failure)
Confirm with . or Enter, or press ? or * to list all spells.
You don't know that spell.
The hell rat moves out of view.
Aiming: Fastroot
Press: ? - help, Q - select action, (/) - cycle Shift-Dir - straight line, f/p - death yak
Aim: a death yak (moderately wounded, more vulnerable to fire, covered in acid)
The roots erupt in riotous growth!
Roots grab the death yak.
The grasping roots constrict the death yak!
You hear a deafening roar! x2
The death yak misses you.
Unknown command.
Unknown command.
The grasping roots constrict the death yak.
The roots release their grip on the death yak.
Aiming: Fastroot
Press: ? - help, Q - select action, (/) - cycle Shift-Dir - straight line, f/p - death yak
Aim: a death yak (moderately wounded, more vulnerable to fire, covered in acid)
The roots erupt in riotous growth!
Roots grab the death yak.
Roots grab the death yak.
The grasping roots constrict the death yak!
The grasping roots constrict the death yak.
You hear a deafening roar!
The death yak is no longer more vulnerable to fire.
The death yak gores you!!
* * * LOW HITPOINT WARNING * * *
The death yak struggles to escape constriction.
Unknown command.
Unknown command.
Unknown command.
You feel much better.
The grasping roots constrict the death yak. x2
The roots release their grip on the death yak.
The death yak gores you!
* * * LOW HITPOINT WARNING * * *
The death yak escapes!
You feel much better. The quokka barely misses you. The death yak gores you!!
You die...

......#..##..#....#
......#......#....#
.....[#......#....#
.######..##..#....#
##....>..##..#....#
..........#..#....#
##+####...#..#....#
##...##...#..#.Y..#
......#...#.Y'rY@.#
......#...#..#.r..#
##...##..##..#....#
###+###..##..#....#
.'...##†.##r.#....#
##...'...rY..#....#######
#...#....r..#..........#
+...#.......#..........#
#...##..##..#..........#


You could see 3 death yaks, a hell rat and a quokka.

Vanquished Creatures
  Grinder (D:3)
  A sky beast (D:5)
  A black bear (D:3)
  An ogre (D:5)
  A phantom (D:4)
  A bullfrog (D:9)
  3 scorpions
  A howler monkey (D:6)
  A jelly (D:5)
  4 hounds
  Jessica (D:2)
  2 iguanas (D:5)
  7 gnolls
  7 adders
  An ufetubus (D:4)
  3 worms
  4 dart slugs
  6 orcs (D:4)
  7 ball pythons
  7 endoplasms
  3 giant cockroaches
  7 goblins
  5 hobgoblins
  2 jackals (D:1)
  5 quokkas
  10 bats
  10 frilled lizards
  6 kobolds
  3 rats (D:1)
111 creatures vanquished.

Vanquished Creatures (others)
  570 foxfires
570 creatures vanquished.

Grand Total: 681 creatures vanquished

Notes
Turn   | Place    | Note
-------+----------+-------------------------------------------
     0 | D:1      | retardedninja the Gnoll Fire Elementalist began the quest
                  | for the Orb.
     0 | D:1      | Reached XP level 1. HP: 13/13 MP: 6/6
   113 | D:1      | Reached XP level 2. HP: 7/19 MP: 0/7
   730 | D:1      | Reached skill level 5 in Spellcasting
   730 | D:1      | Reached XP level 3. HP: 25/25 MP: 5/9
  1165 | D:1      | Learned a level 2 spell: Scorch
  1250 | D:1      | Reached skill level 1 in Invocations
  2089 | D:2      | Noticed Jessica
  2094 | D:2      | Killed Jessica
  2095 | D:2      | Reached skill level 1 in Fighting
  2095 | D:2      | Reached skill level 1 in Short Blades
  2095 | D:2      | Reached skill level 1 in Long Blades
  2095 | D:2      | Reached skill level 1 in Axes
  2095 | D:2      | Reached skill level 1 in Maces & Flails
  2095 | D:2      | Reached skill level 1 in Polearms
  2095 | D:2      | Reached skill level 1 in Staves
  2095 | D:2      | Reached skill level 1 in Ranged Weapons
  2095 | D:2      | Reached skill level 1 in Throwing
  2095 | D:2      | Reached skill level 1 in Armour
  2095 | D:2      | Reached skill level 1 in Shields
  2095 | D:2      | Reached skill level 1 in Unarmed Combat
  2095 | D:2      | Reached skill level 1 in Evocations
  2095 | D:2      | Reached XP level 4. HP: 32/32 MP: 7/11
  2450 | D:2      | Reached skill level 1 in Hexes
  2450 | D:2      | Reached skill level 1 in Summonings
  2450 | D:2      | Reached skill level 1 in Necromancy
  2450 | D:2      | Reached skill level 1 in Translocations
  2450 | D:2      | Reached skill level 1 in Transmutations
  2450 | D:2      | Reached skill level 1 in Ice Magic
  2450 | D:2      | Reached skill level 1 in Air Magic
  2450 | D:2      | Reached skill level 1 in Earth Magic
  2450 | D:2      | Reached skill level 1 in Poison Magic
  2490 | D:2      | Found Revex's Armour Emporium.
  3525 | D:3      | Reached XP level 5. HP: 35/37 MP: 9/12
  3988 | D:3      | Learned a level 4 spell: Flame Wave
  3992 | D:3      | Learned a level 3 spell: Inner Flame
  4076 | D:3      | Noticed Grinder
  4089 | D:3      | Paralysed by Grinder for 2 turns
  4091 | D:3      | Killed Grinder
  4092 | D:3      | Reached skill level 5 in Dodging
  4092 | D:3      | Reached XP level 6. HP: 27/44 MP: 4/14
  4197 | D:3      | Noticed a black bear
  4208 | D:3      | Killed a black bear
  4209 | D:3      | Reached XP level 7. HP: 48/50 MP: 5/15
  4358 | D:3      | Found a faded altar of an unknown god.
  5289 | D:5      | Entered Level 5 of the Dungeon
  5297 | D:5      | Reached skill level 5 in Stealth
  5823 | D:5      | Reached XP level 8. HP: 25/58 MP: 6/16
  6092 | D:5      | Found a hide-covered altar of Uskayaw.
  6556 | D:5      | HP: 2/58 [something (5)]
  7176 | D:6      | You fall into a shaft and drop 3 floors!
  7310 | D:9      | Noticed a death yak
  7325 | D:9      | Noticed a death yak
  7329 | D:9      | Noticed a death yak
  7335 | D:9      | HP: 1/58 [death yak (23)]
  7337 | D:9      | Slain by a death yak

Illustrated notes

Levels and vault maps discovered:
D:1:      heliophobic_arrival_enchanted_forest, layout_basic
D:2:      layout_loops_corners, serial_shops, shop,
          wander_ebering_terrifying_dragon_lair, uniq_jessica
D:3:      layout_loops_ring, dilly_ecumenical_altar_fadedgnrine, uniq_grinder
D:4:      layout_cave_pools, nicolae_elevator_lobby_asterisk
D:5:      layout_gridville, lemuel_tele_altar
D:6:      layout_basic, fedhas_altar_1, uniq_pikel
D:9:      layout_gridville, dpeg_lair_monsters, nrook_loot_triangle,
          minivault_7, uniq_prince_ribbit1

Skill      XL: |  1  2  3  4  5  6  7  8 |
---------------+-------------------------+-----
Conjurations   | 2 3 |  3.6
Spellcasting   | 5 6 |  6.2
Invocations    | 1 2 3 |  3.9
Fighting       | 1 2 3 |  3.5
Short Blades   | 1 2 3 |  3.5
Long Blades    | 1 2 3 |  3.5
Axes           | 1 2 3 |  3.5
Maces & Flails | 1 2 3 |  3.5
Polearms       | 1 2 3 |  3.5
Staves         | 1 2 3 |  3.5
Ranged Weapons | 1 2 3 |  3.5
Throwing       | 1 2 3 |  3.5
Armour         | 1 2 3 |  3.5
Shields        | 1 2 3 |  3.5
Unarmed Combat | 1 2 3 |  3.5
Evocations     | 1 2 3 |  3.5
Hexes          | 1 2 |  2.9
Summonings     | 1 2 |  2.9
Necromancy     | 1 2 |  2.9
Translocations | 1 2 |  2.9
Transmutations | 1 2 |  2.9
Ice Magic      | 1 2 |  2.9
Air Magic      | 1 2 |  2.9
Earth Magic    | 1 2 |  2.9
Poison Magic   | 1 2 |  2.9
Dodging        | 5 |  5.8
Stealth        | 5 |  5.5
Fire Magic     | 6 |  6.2

Action                     |  1- 3 |  4- 6 |  7- 9 || total
---------------------------+-------+-------+-------++-------
  Melee: Mace              |     1 |       |       ||     1
         Glaive            |       |       |     1 ||     1
   Cast: Foxfire           |   100 |   107 |   139 ||   346
         Scorch            |       |    10 |    18 ||    28
  Evoke: Wand              |       |       |     7 ||     7
    Use: Potion            |       |       |     4 ||     4
 Armour: Robe              |       |     2 |    11 ||    13
  Dodge: Dodged            |    11 |    29 |    68 ||   108

Table legend: (Time is in decaauts)
 A = Elapsed time spent in this place.
 B = Non-inter-level travel time spent in this place.
 C = Inter-level travel time spent in this place.
 D = Time resting spent in this place.
 E = Time spent auto-exploring this place.
 F = Levels seen in this place.
 G = Mean time per level.
                   A        B        C        D        E       F      G
               +--------+--------+--------+--------+--------+-----+--------+
         Total |   7335 |   7236 |     99 |    459 |   5725 |   7 | 1047.9 |
       Dungeon |   7335 |   7236 |     99 |    459 |   5725 |   7 | 1047.9 |
               +--------+--------+--------+--------+--------+-----+--------+

Top non-repeatable levels by time:
     D:5: 1781 daAuts
     D:2: 1612 daAuts
     D:1: 1575 daAuts
     D:3: 1303 daAuts
     D:4: 795 daAuts
     D:9: 160 daAuts
     D:6: 104 daAuts
